 Dungeon Crawl Stone Soup version 0.29.1-1-gd02db6906a (webtiles) character file.

Game seed: 12020369493101177944

2579 Rediskos the Cleaver (level 9, -1/77 (81) HPs)
             Began as a Hill Orc Fighter on Oct 16, 2022.
             Was a Believer of Makhleb.
             Slain by a fire elemental (8 damage)
             ... summoned by a deep elf pyromancer
             ... on level 8 of the Dungeon.
             The game lasted 00:28:06 (8050 turns).

Rediskos the Cleaver (Hill Orc Fighter)             Turns: 8050, Time: 00:28:07

HP:   -1/77 (81)    AC: 15    Str: 19    XL:     9   Next: 58%
MP:   10/10         EV: 10    Int:  8    God:    Makhleb [**....]
Gold: 520           SH:  5    Dex: 14    Spells: 8/8 levels left

rFire   . . .      SeeInvis .   a - +0 war axe
rCold   . . .      Faith    .   c - +0 buckler
rNeg    . . .      Spirit   .   h - +2 plate armour
rPois   .          Reflect  .   e - +0 helmet
rElec   .          Harm     .   (no cloak)
rCorr   .          Rampage  .   (no gloves)
Will    .....                   (no boots)
Stlth   ..........              t - amulet of regeneration
HPRegen 1.02/turn               i - +4 ring of evasion
MPRegen 0.12/turn               (no ring)

@: lightly drained, invisible
A: no striking features
a: Renounce Religion, Minor Destruction


You were on level 8 of the Dungeon.
You worshipped Makhleb.
Makhleb was pleased with you.
You visited 2 branches of the dungeon, and saw 9 of its levels.
You also visited: Sewer.

You collected 520 gold pieces.

Inventory:

Hand Weapons
 a - a +0 war axe (weapon)
 x - a +3 flail of freezing
Missiles
 q - a curare-tipped dart
 s - 4 poisoned darts (quivered)
 z - a throwing net
Armour
 c - a +0 buckler (worn)
 e - a +0 helmet (worn)
 h - a +2 plate armour (worn)
Jewellery
 i - a +4 ring of evasion (left hand)
 l - a ring of see invisible
 t - an amulet of regeneration (around neck)
 y - a ring of flight
Wands
 b - a wand of mindburst (8)
 d - a wand of flame (2)
 j - a wand of light (18)
 w - a wand of roots (3)
 E - a wand of charming (20)
Scrolls
 g - 3 scrolls of teleportation
 k - a scroll of immolation
 p - a scroll of magic mapping
 A - a scroll of vulnerability
 B - a scroll of fear
 C - a scroll of identify
 F - a scroll of poison
Potions
 f - 2 potions of lignification
 m - a potion of resistance {unknown}
 o - 5 potions of curing
 u - 2 potions of haste
 v - a potion of mutation {unknown}
 D - a potion of attraction {unknown}


   Skills:
 + Level 8.0 Fighting
 * Level 11.2 Axes
 - Level 5.0 Armour
 - Level 4.0 Dodging
 - Level 5.0 Shields
 + Level 2.1 Invocations
 + Level 1.4 Evocations


You had 8 spell levels left.
You didn't know any spells.
Your spell library contained the following spells:

 Spells                   Type           Power      Damage    Failure   Level
 Shock                    Conj/Air       0%         1d3       100%        1
 Ensorcelled Hibernation  Hex/Ice        0%         N/A       100%        2
 Sublimation of Blood     Necr           0%         N/A       100%        2
 Confusing Touch          Hex            0%         N/A       100%        3
 Conjure Flame            Conj/Fire      0%         6-21      100%        3
 Ignite Poison            Fire/Tmut/Pois 0%         N/A       100%        3
 Swiftness                Air            0%         N/A       100%        3
 Vampiric Draining        Necr           0%         2d6       100%        3
 Airstrike                Air            0%         2d(0-16)  100%        4
 Sticky Flame             Conj/Fire      0%         2d3       100%        4
 Agony                    Necr           0%         N/A       100%        5
 Yara's Violent Unravell  Hex/Tmut       0%         3d3       100%        5
 Simulacrum               Ice/Necr       0%         N/A       100%        6
 Enfeeble                 Hex            0%         N/A       100%        7


Dungeon Overview and Level Annotations

Branches:
Dungeon (8/15)             Temple (1/1) D:4           Sewer (visited)
   Lair: D:8-11

Altars:
Ashenzari
Cheibriados
Dithmenos
Fedhas
Hepliaklqana
Makhleb
Nemelex Xobeh
Okawaru
Qazlal
Ru
Sif Muna
Uskayaw
Vehumet
Wu Jian
Yredelemnul
Zin
The Shining One

Shops:
D:1 =


Message History

The fire elemental hits you. The fire elemental burns you!
* * * LOW HITPOINT WARNING * * *
Unknown command.
Okay, then.
Throw: 4 darts (poison)
Press: ? - help, Q - select action, (/) - cycle Shift-Dir - straight line, f - fire elemental
Aim: a fire elemental (heavily damaged, summoned, 56% to hit)
Okay, then.
You fade into invisibility!
The fire elemental hits you. The fire elemental burns you!
* * * LOW HITPOINT WARNING * * *
The fire elemental hits you. The fire elemental burns you!
* * * LOW HITPOINT WARNING * * *
The fire elemental closely misses you. The fire elemental hits you.
* * * LOW HITPOINT WARNING * * *
The fire elemental burns you!
* * * LOW HITPOINT WARNING * * *
Okay, then.
Blink to where?
Press: ? - help, Dir - move target
As you read the scroll of blinking, it crumbles to dust.
Things that are here:
a +0 halberd; a +0 robe
Things that are here:
a +3 battleaxe; a +0 robe
Items here: )) [[.
You completely miss the fire elemental. The fire elemental hits you.
The fire elemental burns you!
* * * LOW HITPOINT WARNING * * *
You catch the helpless fire elemental completely off-guard!
You slash the fire elemental!
The fire elemental is moderately damaged.
You block the fire elemental's attack. The fire elemental hits you.
The fire elemental burns you!
* * * LOW HITPOINT WARNING * * *
You slash the fire elemental!
The fire elemental is heavily damaged.
The fire elemental hits you. The fire elemental burns you!
You die...

#.....#
#.....###
#........
#.....### #.#
#.....### #.#
#.###.... #.#
#.# ###..
#####.#
###########.#
#.# #.#
#.○○e.#
#..)°E@...#.#
#.# #.# #○#
#.#######.#.#
#.# #.# #☼#
#○# #.#.###.#
#.# #°#####
#)# #.#.....#
#.# #[.○°.#
#)#
#.#.#######
#.# #####.#
#E####
#..........
..# #E#
#.○○.#
###########
### #E#
####.#
#§######.#


You could see a fire elemental (summoned, unable to see you).

Vanquished Creatures
  Sigmund (D:2)
  A steam dragon (D:7)
  2 water moccasins
  An ice beast (D:7)
  A sky beast (D:6)
  An ogre (D:5)
  A phantom (D:7)
  A kobold brigand (D:7)
  3 bullfrogs
  4 scorpions
  9 wights
  A howler monkey (D:6)
  2 jellies
  3 hounds
  An orc priest (D:7)
  2 iguanas (D:5)
  4 orc wizards
  8 gnolls
  13 adders
  7 white imps
  2 ufetubi (D:5)
  3 worms
  3 dart slugs
  14 orcs
  9 endoplasms
  9 giant cockroaches
  15 goblins
  6 hobgoblins
  2 jackals (D:2)
  8 kobolds
  12 quokkas
  17 ball pythons
  4 bats
  8 frilled lizards
  4 rats
182 creatures vanquished.

Notes
Turn   | Place    | Note
-------+----------+-------------------------------------------
     0 | D:1      | Rediskos the Hill Orc Fighter began the quest for the Orb.
     0 | D:1      | Reached XP level 1. HP: 19/19 MP: 1/1
    58 | D:1      | Found a faded altar of an unknown god.
   150 | D:1      | Found Ugayraz's Jewellery Shop.
   281 | D:1      | Reached skill level 3 in Axes
   281 | D:1      | Reached XP level 2. HP: 27/27 MP: 2/2
   950 | D:2      | Noticed Sigmund
  1146 | D:2      | Reached XP level 3. HP: 20/33 MP: 3/3
  1742 | D:2      | Killed Sigmund
  1743 | D:2      | Reached skill level 5 in Axes
  1743 | D:2      | Reached XP level 4. HP: 34/41 MP: 4/4
  1743 | D:2      | Reached XP level 5. HP: 39/47 MP: 5/5
  2048 | D:3      | Found a glowing drain.
  2065 | D:3      | Reached XP level 6. HP: 47/53 MP: 6/6
  2079 | Sewer    | Entered a sewer
  2224 | Sewer    | Reached skill level 5 in Shields
  2651 | Sewer    | Reached skill level 5 in Fighting
  2651 | Sewer    | Reached skill level 6 in Axes
  2651 | Sewer    | Reached skill level 1 in Dodging
  2651 | Sewer    | Reached XP level 7. HP: 51/61 MP: 7/7
  3556 | D:4      | Found a staircase to the Ecumenical Temple.
  3560 | Temple   | Entered the Ecumenical Temple
  3762 | Temple   | Became a worshipper of Makhleb the Destroyer
  3895 | D:4      | Identified the +2 robe "Meovol" {Rampage *Slow +Inv rPois}
  4156 | D:5      | Entered Level 5 of the Dungeon
  4459 | D:5      | Reached skill level 7 in Axes
  4459 | D:5      | Reached skill level 5 in Armour
  4481 | D:5      | Identified the +7 glaive "Erchoatil" {speed, rC- rCorr SInv
                  | Stlth-}
  4524 | D:5      | Found a stormy altar of Qazlal.
  4675 | D:5      | Reached XP level 8. HP: 70/70 MP: 8/8
  4740 | D:5      | Found a snail-covered altar of Cheibriados.
  4769 | D:5      | Found an iron altar of Okawaru.
  4773 | D:5      | Reached * piety under Makhleb
  5039 | D:6      | Found a hide-covered altar of Uskayaw.
  5054 | D:6      | Reached skill level 8 in Axes
  5463 | D:6      | Reached skill level 9 in Axes
  5827 | D:6      | Found a shimmering blue altar of Sif Muna.
  6262 | D:7      | Got the Teachings on Diablerie and Spellbinding
  6395 | D:7      | Identified the +11 chain mail "Ycir" {Int+2}
  6566 | D:7      | Reached skill level 10 in Axes
  6566 | D:7      | Reached XP level 9. HP: 67/79 MP: 9/9
  6587 | D:7      | Found a glowing golden altar of the Shining One.
  6893 | D:7      | Reached ** piety under Makhleb
  7024 | D:7      | Reached skill level 1 in Invocations
  7469 | D:7      | Reached skill level 11 in Axes
  7469 | D:7      | Reached skill level 1 in Evocations
  8009 | D:8      | Noticed a deep elf pyromancer
  8050 | D:8      | Slain by a fire elemental

Illustrated notes

Levels and vault maps discovered:
D:1:      lightli_arrival_noodles, layout_basic,
          hellmonk_ecumenical_altar_arch_garden, serial_shops,
          nicolae_square_shop, kennysheep_doodads, minmay_misc_feat_more_columns
D:2:      layout_basic, minivault_24, uniq_sigmund
D:3:      layout_rooms, gup_sewer_entry_glass, kennysheep_decorative_pillar,
          minmay_goblin_outpost
D:4:      layout_loops_ring, temple_statues, minmay_fountain_box,
          skrybe_limestone_x
D:5:      layout_cave_pools, kennysheep_okawaru_gauntlet, amcnicky_altar_gilded,
          mainiacjoe_overflow_paths
D:6:      layout_basic, eat_drink_and_be_merry_uskayaw, marbit_many_paths,
          chequers_serial_rivers_micro_d, hangedman_glass_teeth
D:7:      layout_basic, old_standard_altar
D:8:      layout_basic, nicolae_overflow_hidden_temple, lair_entry_dummy,
          uniq_erica
Temple:   chequers_temple_sunken

Skill      XL: |  1  2  3  4  5  6  7  8  9 |
---------------+----------------------------+-----
Axes           | 3 5 6 7 10 11 | 11.2
Fighting       | 4 5 6 7 8 |  8.0
Armour         | 4 5 |  5.0
Shields        | 4 5 |  5.0
Dodging        | 1 2 3 4 |  4.0
Invocations    | 2 |  2.1
Evocations     | 1 |  1.4

Action                   |  1- 3 |  4- 6 |  7- 9 || total
-------------------------+-------+-------+-------++-------
Melee: War axe           |   102 |   134 |   396 ||   632
Throw: Dart              |       |       |     5 ||     5
Evoke: Wand              |       |       |     2 ||     2
  Use: Potion            |     1 |       |     1 ||     2
       Scroll            |       |     1 |    16 ||    17
 Stab: Invisible         |       |       |     1 ||     1
Armor: Scale mail        |     7 |       |       ||     7
       Plate armour      |    77 |    76 |   202 ||   355
Dodge: Dodged            |    54 |    71 |   162 ||   287
Block: Buckler           |    16 |    51 |    74 ||   141
